 Dungeon Crawl Stone Soup version 0.30-a0-879-ga8ba668304 (webtiles) character file.

Game seed: 3719849061126992034

505 jasper the Chopper (level 6, -8/51 HPs)
             Began as a Demigod Gladiator on Mar 13, 2023.
             Killed by nerve-wracking pain
             ... invoked by Menkaure
              (13 damage)
             ... on level 4 of the Dungeon.
             The game lasted 00:04:35 (3729 turns).

jasper the Chopper (Demigod Gladiator)              Turns: 3729, Time: 00:04:36

Health: -8/51      AC:  7    Str: 23    XL:     6   Next: 64%
Magic:  8/8        EV: 12    Int: 10    God:
Gold:   136        SH:  0    Dex: 15    Spells: 5/5 levels left

rFire   . . .      SeeInvis .    a - +1 war axe
rCold   . . .      Faith    .    (no shield)
rNeg    . . .      Spirit   .    l - +0 ring mail
rPois   +          Reflect  .    c - +0 helmet
rElec   .          Rampage  .    o - +0 cloak
rCorr   .                        (no gloves)
Will    .....                    (no boots)
Stlth   +                        (no amulet)
HPRegen 0.28/turn                s - ring of poison resistance
MPRegen 0.11/turn                (no ring)

@: no status effects
A: high MP 1, forlorn, divine attributes
a: no special abilities


You were on level 4 of the Dungeon.
You visited 1 branch of the dungeon, and saw 5 of its levels.

You collected 136 gold pieces.

Inventory:

Hand Weapons
 a - a +1 war axe (weapon)
 u - a +2 hand axe of freezing
Missiles
 d - 2 throwing nets
 e - a javelin
 i - 51 stones
 k - 13 poisoned darts (quivered)
 v - 2 boomerangs
Armour
 b - a +0 leather armour
 c - a +0 helmet (worn)
 l - a +0 ring mail (worn)
 n - a scarf of shadows
 o - a +0 cloak (worn)
Jewellery
 g - a ring of magical power
 r - a ring of fire
 s - a ring of poison resistance (left hand)
Wands
 x - a wand of digging (6)
Scrolls
 f - 4 scrolls of teleportation
 h - a scroll of blinking
 t - 3 scrolls of amnesia
 w - a scroll of fog
Potions
 j - a potion of heal wounds
 m - 2 potions of curing
 p - a potion of haste
 q - 2 potions of flight
 z - a potion of lignification {unknown}


   Skills:
 + Level 3.3 Fighting
 * Level 5.0 Axes
 - Level 1.7 Throwing
 + Level 2.7 Armour
 + Level 4.0 Dodging


You had 5 spell levels left.
You didn't know any spells.
Your spell library contained the following spells:

 Spells                   Type           Power      Damage    Failure   Level
 Freeze                   Ice            0%         1d3       52%         1
 Magic Dart               Conj           0%         1d3       52%         1
 Shock                    Conj/Air       0%         1d3       52%         1
 Call Imp                 Summ           0%         N/A       65%         2
 Cigotuvi's Dreadful Rot  Necr/Pois/Air  0%         N/A       65%         2
 Poisonous Vapours        Pois/Air       0%         N/A       65%         2
 Scorch                   Fire           0%         2d5       65%         2
 Frozen Ramparts          Ice            0%         1d1       87%         3
 Gell's Gravitas          Tloc           0%         N/A       87%         3
 Hailstorm                Conj/Ice       0%         3d3       87%         3
 Mephitic Cloud           Conj/Pois/Air  0%         N/A       87%         3
 Swiftness                Air            0%         N/A       87%         3
 Teleport Other           Tloc           0%         N/A       87%         3
 Airstrike                Air            0%         2d(0-16)  99%         4
 Flame Wave               Conj/Fire      0%         2d4       99%         4
 Dispersal                Tloc           0%         N/A       100%        6
 Summon Cactus Giant      Summ           0%         N/A       100%        6


Dungeon Overview and Level Annotations

Branches:
Dungeon (5/15)
 Temple: D:4-7

Shops:
D:2 (

Annotations:
D:4 Menkaure


Innate Abilities, Weirdness & Mutations

You have an increased reservoir of magic. (+10% MP)
You shall have no god before yourself.
Your divine heritage dramatically boosts your attributes as you level up.


Message History

i - 51 stones (gained 4)
A ball python comes into view.
The ball python hisses angrily.
A ball python is nearby!
A ball python is nearby!
The ball python misses you. The ball python barely misses you.
You slash the ball python!
You kill the ball python!
You see here a ball python corpse.
z - a glowing dark potion You see here the +6 mace of Ascent {chaos, rPois rC++ Str+3}.
Menkaure, Prince of Dust comes into view.
Menkaure is nearby!
You start waiting.
Menkaure is nearby!
You completely miss Menkaure.
Menkaure mumbles some strange words.
Menkaure seems to speed up.
You hit Menkaure.
Menkaure is lightly damaged.
Menkaure barely misses you.
Menkaure points at you and mumbles some strange words.
Pain shoots through your body!
You take 8 damage, and have 43/51 hp.
You slash Menkaure!
Menkaure is heavily damaged.
Menkaure points at you and mumbles some strange words.
Pain shoots through your body!
You take 14 damage, and have 29/51 hp.
MASSIVE DAMAGE!!
You slash Menkaure!
Menkaure is almost destroyed.
Menkaure closely misses you. Menkaure hits you!
You take 11 damage, and have 18/51 hp.
MASSIVE DAMAGE!!
You closely miss Menkaure.
Menkaure is almost destroyed.
Menkaure hits you!
* * * LOW HITPOINT WARNING * * *
Menkaure casts a spell at you. Pain shoots through your body!
You die...

..# ..##. .....
####... ##.#..#
###....## ##.##....#
#.....@M##
####.....#..#
###.##..####..#
#...)...## ..#
#...###..# ...
###...#...........
##............##..##
#....####.##### #..
###.......#####.#.....
....


You could see Menkaure (fast).

Vanquished Creatures
  Sigmund (D:3)
  A scorpion (D:3)
  The ghost of cforsyth the Covered, a weakling BaFi (D:3)
  A hound (D:4)
  A gnoll bouda (D:4)
  Natasha (twice) (D:2)
  5 gnolls
  3 adders
  3 worms
  A dart slug (D:1)
  6 orcs (D:3)
  6 ball pythons
  4 bats
  6 endoplasms
  3 giant cockroaches
  2 goblins (D:1)
  5 hobgoblins
  2 jackals (D:2)
  4 kobolds
  2 quokkas (D:2)
  3 frilled lizards
  A rat (D:3)
63 creatures vanquished.

Notes
Turn   | Place    | Note
-------+----------+-------------------------------------------
     0 | D:1      | jasper the Demigod Gladiator began the quest for the Orb.
     0 | D:1      | Reached XP level 1. HP: 17/17 MP: 3/3
   336 | D:1      | Reached skill level 3 in Axes
   336 | D:1      | Reached XP level 2. HP: 24/24 MP: 4/4
  1164 | D:2      | Found Uditwaci's Antique Weapon Emporium.
  1187 | D:2      | Reached skill level 1 in Armour
  1187 | D:2      | Reached XP level 3. HP: 29/29 MP: 5/5
  1675 | D:2      | Noticed Natasha
  1686 | D:2      | Killed Natasha
  1890 | D:2      | Noticed Natasha
  1896 | D:2      | Killed Natasha
  1897 | D:2      | Reached XP level 4. HP: 24/37 MP: 6/6
  2364 | D:3      | You fall into a shaft and drop 2 floors!
  2364 | D:5      | Entered Level 5 of the Dungeon
  2952 | D:3      | Noticed Sigmund
  2961 | D:3      | Killed Sigmund
  2962 | D:3      | Reached skill level 4 in Axes
  2962 | D:3      | Reached XP level 5. HP: 38/45 MP: 7/7
  2992 | D:3      | Found a runed translucent gate.
  2992 | D:3      | Found a runed translucent gate.
  2992 | D:3      | Found a runed translucent gate.
  2993 | D:3      | Noticed cforsyth's ghost (weakling BaFi)
  3213 | D:3      | Killed cforsyth's ghost
  3214 | D:3      | Reached XP level 6. HP: 27/51 MP: 8/8
  3592 | D:4      | Reached skill level 5 in Axes
  3709 | D:4      | Identified the +6 mace of Ascent {chaos, rPois rC++ Str+3}
  3717 | D:4      | Noticed Menkaure
  3729 | D:4      | Killed from afar by Menkaure

Illustrated notes

Levels and vault maps discovered:
D:1:      sevenhm_arrival_forest_fort_large_4, layout_basic,
          dreamdust_ecumenical_altar_sealed_demon
D:2:      layout_loops_corners, serial_shops, shop, uniq_natasha
D:3:      layout_loops_ring, nicolae_overflow_crystal_walls, old_standard_altar,
          gammafunk_ghost_split, serial_park_tiny_2, glass_columns_a,
          uniq_sigmund
D:4:      layout_cave_pools, uniq_menkaure
D:5:      layout_cave_pools, nicolae_hexahallways, uniq_eustachio, uniq_ijyb

Skill      XL: |  1  2  3  4  5  6 |
---------------+-------------------+-----
Fighting       | 2 3 |  3.3
Axes           | 3 4 5 |  5.0
Dodging        | 3 4 |  4.0
Armour         | 1 2 |  2.7
Throwing       | |  1.7

Action                     |  1- 3 |  4- 6 || total
---------------------------+-------+-------++-------
  Melee: War axe           |    76 |   114 ||   190
         Punch             |       |     2 ||     2
  Throw: Dart              |    13 |    11 ||    24
         Stone             |     1 |       ||     1
         Throwing net      |     1 |       ||     1
    Use: Scroll            |     3 |     3 ||     6
         Potion            |       |     5 ||     5
   Stab: Held in net/web   |     1 |       ||     1
 Armour: Leather armour    |     7 |       ||     7
         Ring mail         |    26 |    43 ||    69
  Dodge: Dodged            |    54 |    76 ||   130

Table legend: (Time is in decaauts)
 A = Elapsed time spent in this place.
 B = Non-inter-level travel time spent in this place.
 C = Inter-level travel time spent in this place.
 D = Time resting spent in this place.
 E = Time spent auto-exploring this place.
 F = Levels seen in this place.
 G = Mean time per level.
                   A        B        C        D        E       F      G
               +--------+--------+--------+--------+--------+-----+--------+
         Total |   3786 |   3675 |    111 |    370 |   2548 |   5 |  757.2 |
       Dungeon |   3786 |   3675 |    111 |    370 |   2548 |   5 |  757.2 |
               +--------+--------+--------+--------+--------+-----+--------+

Top non-repeatable levels by time:
     D:2: 1215 daAuts
     D:1: 1179 daAuts
     D:3: 1106 daAuts
     D:4: 260 daAuts
     D:5: 23 daAuts
